Map: Dusk Towers

Players

Miszu - Winner!

  • Race: Terran Terran
  • League: Master

mAth

  • Race: Zerg Zerg
  • League: Grandmaster

VOD

Have the link to the VOD?

Description

Time

  • Played on: March 15, 2016, 6 p.m.
  • Length: 9:21
Show
View Real Time Build Order
Export as new Build Order

Miszu Terran - Winner!

Build Orders: MMM Bio 

Get SALT Encoding   

  12  0:01  SCV  
  13  0:13  SCV  
  14  0:17  Supply Depot  
  14  0:25  SCV  
  15  0:39  SCV  
  15  0:42  Barracks  
  16  0:45  Refinery  
  16  0:51  SCV  
  17  1:03  SCV  
  18  1:15  SCV  
  19  1:29  Barracks Reactor, Orbital Command  
  19  1:39  Command Center  
  19  1:48  Supply Depot  
  19  1:54  SCV  
  20  2:06  Reaper x2, SCV  
  23  2:18  SCV  
  24  2:25  Command Center  
  24  2:30  SCV  
  25  2:41  Reaper  
  25  2:42  Reaper, SCV  
  28  2:52  Orbital Command  
  28  2:54  SCV  
  28  2:56  Refinery  
  29  3:07  SCV  
  30  3:19  SCV  
  31  3:23  SCV  
  31  3:26  Reaper x2  
  33  3:31  SCV  
  34  3:35  SCV  
  34  3:37  Barracks  
  34  3:38  Orbital Command  
  34  3:40  Barracks  
  35  3:43  SCV  
  35  3:47  SCV  
  37  3:51  Factory  
  37  3:55  SCV  
  38  3:59  Marine x2, SCV  
  41  4:02  Refinery  
  41  4:07  SCV  
  41  4:08  Factory  
  41  4:09  SCV  
  43  4:12  SCV  
  43  4:15  Refinery  
  44  4:19  SCV  
  44  4:20  Marine  
  44  4:21  SCV  
  44  4:22  Marine  
  44  4:24  SCV  
  49  4:29  Barracks Tech Lab x2  
  49  4:31  SCV  
  49  4:35  Engineering Bay  
  49  4:36  Orbital Command  
  49  4:37  SCV  
  49  4:38  Engineering Bay  
  51  4:41  Starport, Factory Reactor  
  51  4:42  Marine x2  
  51  4:43  SCV  
  54  4:48  Marine, Stimpack  
  54  4:50  SCV  
  57  4:55  SCV  
  58  5:02  SCV  
  58  5:05  SCV  
  61  5:07  Supply Depot  
  61  5:08  Supply Depot, Combat Shields  
  61  5:10  Terran Infantry Armor Level 1, SCV  
  61  5:11  Marine  
  61  5:15  Barracks  
  61  5:16  Barracks  
  61  5:17  Supply Depot  
  61  5:24  Supply Depot  
  61  5:27  Factory Reactor  
  61  5:28  Marine x3, Terran Infantry Weapons Level 1, SCV x3  
  61  5:29  Marine  
  68  5:38  Medivac  
  68  5:39  Medivac  
  68  5:40  Supply Depot  
  68  5:41  SCV x2  
  74  5:44  SCV  
  74  5:46  Marine x2  
  77  5:50  Supply Depot  
  77  5:53  SCV x2  
  77  5:56  SCV  
  80  6:00  Armory  
  80  6:01  Marine x2  
  80  6:03  Barracks Reactor x2  
  80  6:04  Marine, Widow Mine  
  82  6:05  SCV x2  
  82  6:08  SCV  
  88  6:12  Supply Depot  
  88  6:17  Supply Depot, SCV x2  
  90  6:20  SCV  
  90  6:22  Marine  
  90  6:23  Marine x3  
  90  6:24  Medivac x2, Widow Mine  
  101  6:29  SCV x2  
  101  6:31  Refinery  
  103  6:34  Supply Depot, Refinery  
  103  6:35  SCV  
  104  6:40  Marine  
  104  6:41  Marine x2, SCV  
  104  6:42  Marine x4  
  104  6:43  Supply Depot  
  112  6:48  Marine  
  112  6:49  Widow Mine  
  112  6:53  Medivac  
  117  6:58  Marine  
  117  6:59  Marine x2  
  116  7:03  Marine  
  116  7:04  Marine x3, Widow Mine  
  116  7:05  Medivac  
  116  7:06  Marine  
  125  7:15  SCV x3  
  127  7:16  Marine  
  127  7:17  Marine, Widow Mine  
  127  7:20  Barracks x2, Missile Turret  
  132  7:23  Medivac  
  132  7:26  Missile Turret  
  132  7:27  SCV, Missile Turret  
  135  7:30  Barracks  
  135  7:35  Supply Depot  
  135  7:36  Supply Depot  
  135  7:37  Supply Depot  
  135  7:38  Marine x3  
  135  7:39  Marine, Marauder  
  141  7:56  Marine x4  
  141  7:57  SCV  
  146  7:58  Supply Depot  
  146  7:59  Marine  
  146  8:05  Factory  
  147  8:08  Command Center  
  146  8:13  SCV  
  146  8:18  Marauder  
  146  8:19  Marine, Marauder, Concussive Shells  
  151  8:20  Medivac x2  
  156  8:31  Marine x5  
  156  8:32  Marine x3  
  164  8:37  Marine  
  164  8:40  Marauder x2  
  169  8:46  Widow Mine x2  
  173  8:53  Factory Tech Lab  
  173  8:57  Marine x3  
  173  8:59  Marine x4  
  173  9:00  Marine  
  156  9:12  Barracks Tech Lab  
  157  9:18  Missile Turret  
Show
View Real Time Build Order
Export as new Build Order

mAth Zerg 

Build Orders: Hatch First, Muta Ling Bane 

Get SALT Encoding   

  12  0:01  Drone  
  13  0:12  Overlord  
  13  0:17  Drone  
  14  0:31  Drone x2  
  14  0:34  Drone  
  17  0:52  Hatchery  
  17  0:54  Drone  
  17  0:58  Drone  
  18  1:09  Extractor  
  17  1:13  Spawning Pool  
  17  1:16  Drone  
  17  1:18  Drone  
  18  1:28  Drone  
  19  1:38  Overlord  
  19  2:00  Zergling x2, Queen  
  19  2:01  Zergling x2  
  23  2:03  Queen  
  23  2:04  Drone  
  26  2:10  Drone  
  26  2:12  Metabolic Boost  
  27  2:20  Drone  
  27  2:22  Drone  
  29  2:25  Drone  
  30  2:35  Hatchery  
  29  2:39  Drone  
  29  2:41  Drone  
  31  2:50  Queen  
  33  2:52  Overlord  
  33  2:56  Zergling x2  
  33  2:57  Zergling x2  
  35  3:00  Zergling x2  
  32  3:25  Drone x5  
  32  3:26  Drone x3  
  40  3:37  Queen  
  42  3:48  Overlord x2  
  42  3:52  Queen  
  42  3:53  Drone  
  42  3:54  Drone  
  42  3:55  Drone  
  47  3:57  Drone  
  47  4:02  Lair  
  48  4:05  Extractor x2  
  48  4:08  Drone  
  48  4:09  Drone  
  48  4:17  Drone  
  48  4:18  Drone x4  
  48  4:21  Overlord  
  53  4:44  Drone x10  
  63  4:50  Evolution Chamber x2  
  63  4:51  Overlord  
  61  5:03  Extractor  
  61  5:05  Spire, Pneumatized Carapace  
  61  5:06  Drone x2  
  61  5:10  Drone  
  61  5:11  Drone  
  63  5:14  Drone  
  63  5:15  Drone x6  
  63  5:16  Drone  
  71  5:23  Zerg Ground Armor Level 1  
  71  5:29  Overlord  
  71  5:33  Zerg Melee Weapons Level 1  
  71  5:34  Overlord  
  71  5:37  Drone x2  
  71  5:38  Baneling Nest  
  72  5:46  Extractor x2  
  72  5:47  Overlord  
  70  5:52  Drone x3  
  70  5:53  Drone x3  
  70  5:54  Drone x4  
  80  6:01  Overlord x2  
  80  6:18  Mutalisk x4  
  80  6:20  Mutalisk  
  80  6:22  Zergling x2  
  80  6:23  Zergling x6, Hatchery  
  80  6:25  Baneling x2  
  93  6:26  Baneling  
  93  6:27  Zergling x8  
  93  6:28  Zergling x2  
  93  6:29  Baneling  
  93  6:30  Baneling  
  98  6:33  Overlord  
  98  6:40  Centrifical Hooks  
  98  6:42  Zergling x10  
  98  6:43  Zergling x6  
  106  6:48  Overseer  
  96  7:03  Zergling x2  
  96  7:04  Zergling x20  
  107  7:14  Overlord  
  106  7:18  Drone x2, Hatchery  
  106  7:19  Zergling x2  
  108  7:26  Mutalisk x2  
  112  7:35  Zergling x6  
  115  7:37  Baneling x7  
  115  7:38  Hatchery  
  115  7:42  Mutalisk  
  116  7:44  Overlord x3  
  116  7:45  Overlord  
  116  7:46  Zergling x4  
  118  7:59  Zergling x2  
  118  8:00  Zergling x10  
  112  8:13  Zergling x18  
  121  8:20  Baneling x5  
  121  8:21  Baneling x2  
  121  8:25  Mutalisk x3  
  127  8:30  Mutalisk x3  
  127  8:33  Hatchery  
  132  8:35  Mutalisk  
  132  8:41  Zergling x4  
  136  8:42  Baneling  
  136  8:43  Baneling  
  136  8:44  Overseer  
  136  8:45  Overseer  
Tags
 
Add a new tag
Caveats
  • Supply blocks, unpowered buildings, or Contaminate may cause inaccurate times.
  • Supply counts are checked every 10 seconds.